 Dungeon Crawl Stone Soup version 0.27-a0-366-g8badd94918 (webtiles) character file.

Game seed: 7663535775851962980

51421 rednaxela the Blinker (level 14, -11/72 HPs)
             Began as a Felid Chaos Knight on Feb 16, 2021.
             Was a Plaything of Xom.
             Mangled by an emperor scorpion (25 damage)
             ... on level 1 of the Spider Nest on Feb 17, 2021.
             The game lasted 02:17:21 (42161 turns).

rednaxela the Blinker (Felid Chaos Knight)         Turns: 42161, Time: 02:17:21

Health: -11/72     AC:  7    Str: 10      XL:     14   Next: 23%
Magic:  33/33      EV: 30    Int: 23 (24) God:    Xom [......]
Gold:   690        SH:  0    Dex: 16      Spells: 21/35 levels left
                                        Lives:  0   Deaths: 4

rFire    . . .     SeeInvis +     - Unarmed
rCold    + . .     Faith    .   (shield unavailable)
rNeg     . . .     Spirit   .   (armour unavailable)
rPois    .         Reflect  .   (helmet unavailable)
rElec    .         Harm     .   (cloak unavailable)
rCorr    .         Rampage  .   (gloves unavailable)
Will     +++++     Clarity  +   (boots unavailable)
Stlth    +++.......             v - amulet of regeneration
HPRegen  1.22/turn              r - ring "Uryer" {+Blink Int+3 Slay+4}
MPRegen  0.23/turn              d - ring of the Mage {Wiz Will++ Int+3, =R}

@: studying Poison Magic, quick
A: very small, no armour, no weapons or thrown items, stealth, claws 1, fangs 3,
horns 2, icy blue scales 1, yellow scales 1, camouflage 1, see invisible,
clarity, speed 1, high mp 1, strong-willed 1, sense surroundings 1, shaggy fur
3, strong 1, wild magic 1, sharp paws
a: Renounce Religion, Evoke Blink


You were on level 1 of the Spider Nest.
You worshipped Xom.
You were a very special plaything of Xom.
You visited 5 branches of the dungeon, and saw 26 of its levels.
You visited 1 bazaar.

You collected 2034 gold pieces.
You spent 1344 gold pieces at shops.

Inventory:

Jewellery
 d - the ring of the Mage (right paw) {Wiz Will++ Int+3, =R}
   (You bought it in a shop on level 9 of the Dungeon)

   [ring of wizardry]

   It improves your spell success rate.
   It affects your intelligence (+3).
   It affects your willpower, your defense against some magical effects.
 e - a ring of magical power
 i - a ring of fire
 q - a +6 ring of strength
 r - the ring "Uryer" (left paw) {+Blink Int+3 Slay+4}
   (Xom gifted it to you on level 1 of the Spider Nest)

   [ring of slaying]

   It affects your intelligence (+3).
   It affects your accuracy and damage with ranged weapons and melee attacks
   (+4).
   It lets you blink.
 s - a +6 ring of intelligence
 v - an amulet of regeneration (around neck)
 w - an amulet of the acrobat
 x - a ring of willpower
 C - a ring of resist corrosion
 E - a +6 ring of dexterity
 G - a ring of protection from cold
Wands
 j - a wand of random effects (38)
 p - a wand of polymorph (13)
 B - a wand of mindburst (6)
Scrolls
 f - 5 scrolls of fog
 g - 4 scrolls of teleportation
 k - 2 scrolls of identify
 u - 7 scrolls of amnesia
 A - a scroll of vulnerability
 D - a scroll of torment
Potions
 a - 3 potions of ambrosia
 b - 3 potions of brilliance
 c - 3 potions of flight
 h - 3 potions of resistance
 l - 11 potions of curing
 m - 2 potions of magic
 n - 2 potions of heal wounds
 o - 7 potions of lignification
 F - 7 potions of mutation
Miscellaneous
 H - a condenser vane (inert)


   Skills:
 + Level 14.0 Fighting
 - Level 15.0 Dodging
 - Level 15.0 Unarmed Combat
 - Level 11.1 Spellcasting
 - Level 16.2 Translocations


You had 21 spell levels left.
You knew the following spells:

 Your Spells              Type           Power        Failure   Level
a - Manifold Assault      Tloc           85%          1%          4
b - Gell's Gravitas       Tloc           42%          1%          3
s - Swiftness             Air            16%          4%          2
t - Blink                 Tloc           N/A          1%          2
T - Teleport Other        Tloc           85%          1%          3

Your spell library contained the following spells:

 Spells                   Type           Power        Failure   Level
 Apportation              Tloc           100%         1%          1
 Lesser Beckoning         Tloc           42%          1%          3
 Shock                    Conj/Air       64%          3%          1
 Sting                    Tmut/Pois      64%          3%          1
 Summon Small Mammal      Summ           64%          3%          1
 Call Imp                 Summ           16%          4%          2
 Corpse Rot               Necr/Air       N/A          4%          2
 Poisonous Vapours        Pois/Air       32%          4%          2
 Sublimation of Blood     Necr           8%           4%          2
 Call Canine Familiar     Summ           16%          9%          3
 Ignite Poison            Fire/Tmut/Pois 16%          9%          3
 Mephitic Cloud           Conj/Pois/Air  16%          9%          3
 Static Discharge         Conj/Air       16%          9%          3
 Summon Guardian Golem    Hex/Summ       16%          9%          3
 Airstrike                Air            8%           26%         4
 Dispel Undead            Necr           16%          26%         4
 Leda's Liquefaction      Hex/Erth       8%           26%         4
 Olgreb's Toxic Radiance  Pois           16%          26%         4
 Summon Ice Beast         Ice/Summ       16%          26%         4
 Summon Lightning Spire   Summ/Air       16%          26%         4
 Agony                    Necr           16%          52%         5
 Bolt of Magma            Conj/Fire/Erth 8%           52%         5
 Fireball                 Conj/Fire      8%           52%         5
 Lightning Bolt           Conj/Air       8%           52%         5
 Freezing Cloud           Conj/Ice/Air   8%           96%         6
 Iron Shot                Conj/Erth      8%           96%         6
 Starburst                Conj/Fire      8%           96%         6
 Statue Form              Tmut/Erth      10%          96%         6
 Ignition                 Fire           8%           100%        8
 Shatter                  Erth           8%           100%        9
 Tornado                  Air            8%           100%        9
 Animate Armour           Summ/Erth      Unusable     N/A         4
 Excruciating Wounds      Necr           Unusable     N/A         5

Dungeon Overview and Level Annotations

Branches:
Dungeon (15/15)            Temple (1/1) D:6            Lair (6/6) D:8
  Swamp (0/4) Lair:3       Spider (2/4)               Slime (0/5) Lair:5
    Orc (2/2) D:9             Elf (0/3) Orc:2        Vaults (0/5) D:14
 Depths (0/5) D:15

Altars:
Ashenzari
Cheibriados
Dithmenos
Elyvilon
Fedhas
Gozag
Hepliaklqana
Kikubaaqudgha
Makhleb
Nemelex Xobeh
Okawaru
Qazlal
Ru
Sif Muna
Trog
Uskayaw
Vehumet
Wu Jian
Xom
Yredelemnul
Zin
The Shining One
Beogh

Shops:
D:9 =[   D:14 *   D:15 (   Orc:1 [   Orc:2 *?(?

Annotations:
D:6 1 runed translucent door, Crazy Yiuf
D:14 exclusion: 4 doors
Lair:1 Gastronok; gregwegmann's ghost, journeyman TrFi
Lair:5 exclusion: boulder beetle
Lair:6 3 runed translucent doors, exclusion: door, June's ghost, journeyman DECj
Spider:2 Frances; Kirke


Innate Abilities, Weirdness & Mutations

You cannot wear armour.
You are incapable of wielding weapons or throwing items.
Your paws allow you to move quietly. (Stealth)
You have sharp claws.
You have razor-sharp teeth.
You have supernaturally acute eyesight. (SInv)
You cover ground quickly.
Your thick and shaggy fur keeps you warm. (AC +3, rC+)
Your sharp claws are effective at attacking unaware monsters.
You have a pair of horns on your head.
You are partially covered in icy blue scales. (AC +2)
You are partially covered in yellow scales. (AC +2)
Your skin changes colour to match your surroundings (Stealth+).
You possess an exceptional clarity of mind.
You have an increased reservoir of magic. (+10% MP)
You are strong-willed. (Will+)
You passively map a small area around you.
Your muscles are strong. (Str +2)
Your spells are a little harder to cast, but a little more powerful.


Message History

You start resting.
HP restored.
You start resting.
Magic restored.
You climb downwards.
Level annotation: Frances; Kirke A jumping spider comes into view.
The redback bites you. The wolf spider barely misses you.
The wolf spider completely misses you. The emperor scorpion stings you!
You are poisoned.
The emperor scorpion poisons you! The emperor scorpion claws you.
The emperor scorpion misses you.
An orb spider comes into view.
The redback barely misses you. The wolf spider hits you!
* * * LOW HITPOINT WARNING * * *
The wolf spider completely misses you.
The emperor scorpion completely misses you.
The emperor scorpion barely misses you. The emperor scorpion misses you.
The jumping spider hisses angrily.
There is a stone staircase leading up, spattered with blood here.
You feel very sick. The redback misses you. The wolf spider closely misses you.
The wolf spider completely misses you.
The redback bites you but does no damage.
The emperor scorpion stings you!!
* * * LOW HITPOINT WARNING * * *
You are lethally poisoned!
The emperor scorpion poisons you! The emperor scorpion claws you.
* * * LOW HITPOINT WARNING * * *
The emperor scorpion barely misses you.
The orb spider hisses angrily.
You hear an angry hiss.
You climb upwards.
* * * LOW HITPOINT WARNING * * *
You feel extremely sick.
There is a stone staircase leading down, spattered with blood here.
You feel better. The wolf spider completely misses you.
The wolf spider barely misses you. The redback completely misses you.
The wolf spider completely misses you. x2; The emperor scorpion stings you!!
You die...
Xom snickers!

#### ##........^.....#.
###..####^........##......
##.....##....##.....#......
#...#...##..##....?##...##.
#...#........##....#.._##..
#...#.............._...#.#.
#...#...#..._....^#....#...
#.......#s.#..#..#..##.....
#.#.##...s@†...............
#....##...s_._.....#....###
#.....#...#...........#..##
#.......##..##......^_...#.
#............##.^.#.#_._##.
#.....###..#.#....#.^....##
#................._.....###
#^............#.#...#####
#####################


You could see an emperor scorpion, a wolf spider and a redback.

Vanquished Creatures
  Rupert (Lair:6)
  Agnes (Lair:3)
  Roxanne (Spider:1)
  Donald (Spider:1)
  2 ghost moths
  An orc warlord (Orc:2)
  A very ugly thing (D:14)
  A dire elephant (Lair:5)
  2 ettins
  An unseen horror (D:14)
  A yaktaur captain (D:15)
  Fannar (D:11)
  An ogre mage (D:15)
  3 boulder beetles
  Erolcha (D:11)
  9 hydras
  5 two-headed ogres
  2 catoblepae
  A dancing weapon (Orc:2)
  2 centaur warriors
  3 death yaks (Lair:3)
  2 orc high priests (Orc:2)
  Urug (D:13)
  8 skeletal warriors
  A flayed ghost (D:14)
  3 wizards
  5 orc knights
  6 wolf spiders
  2 deep elf zephyrmancers (D:15)
  3 moths of wrath (Spider:1)
  3 orc sorcerers (Orc:2)
  4 ugly things
  2 manticores
  6 elephants
  A faun (D:10)
  A moth of wrath (shapeshifter) (D:15)
  5 cyclopes
  5 centaur zombies
  2 black mambas (shapeshifter)
  4 black mambas
  A torpor snail (Lair:6)
  5 rime drakes
  A gargoyle (D:12)
  13 cane toads
  10 komodo dragons
  A kobold demonologist (D:14)
  Psyche (D:10)
  3 yaktaurs (D:15)
  2 demonic crawlers
  2 tengu conjurers (D:14)
  A queen bee (Spider:1)
  A jumping spider (shapeshifter) (D:15)
  3 meliai (Spider:1)
  A hornet (Spider:1)
  7 jumping spiders
  2 polar bears
  8 trolls
  2 tyrant leeches (Lair:3)
  10 blink frogs
  A wraith (D:11)
  2 shadows
  5 redbacks
  43 yaks
  10 tarantellas
  7 wyverns
  A vampire (D:14)
  3 basilisks (Lair:3)
  Grum (D:9)
  3 wargs
  A naga (D:14)
  A swamp worm (Lair:3)
  14 water moccasins
  An acid dragon (D:15)
  A hell hound (Lair:6)
  36 orc warriors
  4 ice beasts
  3 sky beasts
  19 ogres
  3 black bears
  A boggart (D:14)
  3 eyes of draining
  A necrophage (D:9)
  7 wolves
  7 centaurs
  2 phantoms
  2 kobold brigands
  10 bullfrogs
  Blork the orc (D:4)
  11 scorpions
  A wyvern skeleton (D:10)
  8 killer bees (Spider:1)
  12 wights
  7 howler monkeys
  2 quasits
  4 centaur skeletons
  9 jellies
  32 orc priests
  5 bullfrog zombies
  6 hounds
  2 bullfrog skeletons
  3 iguanas
  Natasha (twice) (D:3)
  17 orc wizards
  9 worker ants
  Terence (D:3)
  A killer bee zombie (D:6)
  A hound zombie (D:6)
  4 hound skeletons
  A howler monkey zombie (D:6)
  4 gnolls
  12 adders
  A white imp (D:7)
  An adder zombie (D:7)
  2 oozes
  3 worms
  A dart slug (D:4)
  7 leopard geckos
  118 orcs
  10 giant cockroaches
  11 goblins
  2 hobgoblins
  4 jackals (D:11)
  15 kobolds
  3 quokkas
  3 ball pythons
  8 bats
  8 frilled lizards
  A quokka skeleton (D:4)
  5 rats
729 creatures vanquished.

Vanquished Creatures (collateral kills)
  2 two-headed ogres (D:15)
  2 orc high priests (Orc:2)
  A skeletal warrior (D:14)
  A naga mage (D:15)
  5 yaks
  A redback (Lair:3)
  A wyvern (D:8)
  A warg (Orc:2)
  3 orc warriors
  A boggart (Orc:1)
  An ogre (D:15)
  2 centaurs (D:14)
  An orc priest (Orc:2)
  Natasha (D:3)
  2 orc wizards
  A leopard gecko (Orc:1)
  5 orcs (Orc:1)
  A quokka (D:7)
32 creatures vanquished.

Vanquished Creatures (others)
  A sphinx (D:14)
  A dancing weapon (D:14)
  A skeletal warrior (D:14)
  2 howler monkeys (D:9)
  An orc (Orc:1)
  3 bushes (D:8)
  49 fungi
  90 plants
148 creatures vanquished.

Grand Total: 909 creatures vanquished

Notes
Turn   | Place    | Note
-------+----------+-------------------------------------------
     0 | D:1      | rednaxela the Felid Chaos Knight began the quest for the
                  | Orb.
     0 | D:1      | Reached XP level 1. HP: 10/10 MP: 2/2
   283 | D:1      | Reached XP level 2. HP: 14/14 MP: 3/3
   856 | D:2      | Reached XP level 3. HP: 17/17 MP: 4/4
   999 | D:1      | XOM: divination: detect creatures
  1216 | D:1      | XOM: divination: magic mapping
  1761 | D:2      | XOM is BORED!
  2113 | D:3      | XOM: give mutations
  2113 | D:3      | Gained mutation: You are somewhat resistant to further
                  | mutation. [Xom's mischief]
  2113 | D:3      | Gained mutation: You are clumsy. (Dex -2) [Xom's mischief]
  2275 | D:3      | XOM: scenery: summon butterflies
  2364 | D:3      | XOM: scenery: create altars
  2591 | D:3      | Reached XP level 4. HP: 21/21 MP: 5/5
  2593 | D:3      | XOM: god gift: 64 gold pieces
  2724 | D:3      | XOM: give mutation
  2724 | D:3      | Gained mutation: Your skin changes colour to match your
                  | surroundings (Stealth+). [Xom's grace]
  2782 | D:3      | Reached skill level 5 in Unarmed Combat
  2797 | D:3      | XOM: give mutations
  2797 | D:3      | Gained mutation: You are robust. (+10% HP) [Xom's grace]
  2797 | D:3      | Gained mutation: You have a pair of small horns on your
                  | head. [Xom's grace]
  2973 | D:3      | XOM: enchant monster (good)
  3001 | D:3      | Noticed Natasha
  3002 | D:3      | XOM: summons 4 friendly demons
  3009 | D:3      | Killed Natasha
  3024 | D:3      | Noticed Terence
  3040 | D:3      | XOM: butterfly on damage
  3095 | D:3      | Noticed Natasha
  3358 | D:3      | XOM: summons 4 friendly demons
  3362 | D:3      | Killed Natasha
  3368 | D:3      | XOM: give mutations
  3368 | D:3      | Gained mutation: You have an increased reservoir of magic.
                  | (+10% MP) [Xom's grace]
  3368 | D:3      | Gained mutation: Your spells are a little harder to cast,
                  | but a little more powerful. [Xom's grace]
  3368 | D:3      | Gained mutation: Your flesh is heat resistant. (rF+) [Xom's
                  | grace]
  3458 | D:3      | Reached XP level 5. HP: 11/26 MP: 6/6
  3694 | D:3      | Killed Terence
  3957 | D:3      | Noticed Natasha
  3964 | D:3      | Killed Natasha
  4192 | D:3      | Found an ornate altar of the Wu Jian Council.
  4468 | D:4      | Noticed Blork the orc
  4480 | D:4      | Killed from afar by Blork the orc
  4481 | D:4      | Reached XP level 4. HP: -2/23 MP: 5/5
  4489 | D:4      | XOM: divination: detect items
  4503 | D:4      | Reached XP level 5. HP: 22/26 MP: 6/6
  4552 | D:4      | Killed Blork the orc
  4556 | D:4      | XOM: divination: detect creatures
  4633 | D:4      | XOM: cloud trail
  4811 | D:4      | Gained mutation: You are covered in thick fur. (AC +2)
                  | [Felid growth]
  4811 | D:4      | Reached XP level 6. HP: 12/30 MP: 7/7
  5064 | D:4      | XOM: potion effect (brilliance)
  5068 | D:4      | XOM: chaos cloud
  5079 | D:4      | XOM: chaos cloud
  5094 | D:4      | XOM: noise
  5126 | D:4      | XOM: silly message
  5197 | D:5      | Entered Level 5 of the Dungeon
  5250 | D:4      | XOM: silly message
  5639 | D:4      | XOM: silly message
  5653 | D:4      | XOM: silly message
  5678 | D:4      | Reached skill level 5 in Dodging
  5694 | D:4      | Reached XP level 7. HP: 22/35 MP: 8/8
  6065 | D:5      | You fall into a shaft and drop 2 floors!
  6105 | D:7      | XOM: divination: detect creatures
  6122 | D:7      | XOM: silly message
  6595 | D:6      | XOM: noise
  6597 | D:6      | XOM: smoke on damage
  6738 | D:6      | XOM: cloud trail
  6803 | D:6      | XOM: 1-stop teleportation journey
  6847 | D:5      | XOM: torment (19/36 hp)
  7152 | D:5      | XOM: summons 4 hostile demons
  7508 | D:4      | XOM: silly message
  7807 | D:5      | Found a hazy altar of Hepliaklqana.
  8134 | D:6      | XOM: silly message
  8146 | D:6      | Reached XP level 8. HP: 39/39 MP: 9/9
  8146 | D:6      | XOM: potion effect (might)
  8211 | D:5      | Reached skill level 5 in Fighting
  8417 | D:6      | XOM: 2-stop teleportation journey
  8423 | D:6      | Found a staircase to the Ecumenical Temple.
  8437 | Temple   | Entered the Ecumenical Temple
  8489 | Temple   | XOM: silly message
  9123 | D:6      | Found a runed translucent door.
  9124 | D:6      | Noticed Crazy Yiuf
  9432 | D:7      | XOM: polymorph orc warrior -> frilled lizard
  9620 | D:7      | XOM: polymorph orc warrior -> centaur
  9708 | D:7      | XOM: confusion
  9715 | D:7      | XOM: summons 1 hostile shadow creature
  9895 | D:7      | XOM: swap monsters
 10023 | D:7      | XOM: smoke on damage
 10110 | D:7      | XOM: give mutations
 10110 | D:7      | Gained mutation: You occasionally shout uncontrollably at
                  | your foes. [Xom's mischief]
 10110 | D:7      | Lost mutation: You are robust. (+10% HP) [Xom's mischief]
 10118 | D:7      | XOM: confusion (+ monsters)
 10121 | D:7      | XOM: scenery: summon butterflies
 10139 | D:7      | XOM: summons 8 friendly demons
 10147 | D:7      | XOM: polymorph quasit -> crimson imp
 10304 | D:7      | XOM: confuse monster(s)
 10307 | D:7      | XOM: summons 2 friendly demons
 10310 | D:7      | Reached XP level 9. HP: 28/41 MP: 10/10
 10534 | D:7      | XOM: summons 2 hostile demons
 10875 | D:6      | XOM: divination: magic mapping
 10889 | D:5      | XOM: divination: magic mapping
 11565 | D:7      | XOM: silly message
 11833 | D:7      | XOM: cloud trail
 11950 | D:8      | XOM: noise
 12007 | D:8      | XOM: give mutations
 12007 | D:8      | Gained mutation: You are robust. (+10% HP) [Xom's grace]
 12007 | D:8      | Lost mutation: You are somewhat resistant to further
                  | mutation. [Xom's grace]
 12007 | D:8      | Gained mutation: You evolve. [Xom's grace]
 12007 | D:8      | Gained mutation: Your muscles are strong. (Str +2) [Xom's
                  | grace]
 12007 | D:8      | Gained mutation: You expend magic power (3 MP) to
                  | strengthen your wands. [Xom's grace]
 12027 | D:8      | XOM: scenery: 1 doors close
 12125 | D:7      | Reached skill level 10 in Unarmed Combat
 12264 | D:8      | Noticed a two-headed ogre
 12264 | D:8      | XOM: scenery: summon butterflies
 12301 | D:8      | XOM: scenery: create altars
 12421 | D:8      | XOM: god gift: 3 gold pieces
 12470 | D:8      | XOM: summons friendly shadow imp
 12473 | D:8      | Gained mutation: Your mind is acute. (Int +2) [evolution]
 12488 | D:7      | XOM: confuse monster(s)
 12495 | D:7      | XOM: fog
 12499 | D:7      | Killed a two-headed ogre
 12627 | D:8      | XOM: fog
 12629 | D:8      | Reached XP level 10. HP: 39/51 MP: 12/12
 12630 | D:8      | Identified Xom's Papyrus of the Bouncing Ghosts (Xom gifted
                  | it to you on level 8 of the Dungeon)
 12630 | D:8      | XOM: god gift: Xom's Papyrus of the Bouncing Ghosts
 12643 | D:8      | XOM: draining
 12649 | D:8      | XOM: destruction
 12660 | D:8      | XOM: confuse monster(s)
 12814 | D:8      | XOM: enchant monster (good)
 12827 | D:8      | Mangled by a yak
 12828 | D:8      | Reached XP level 9. HP: -8/46 MP: 19/19
 12881 | D:8      | Found a staircase to the Lair.
 13106 | D:8      | XOM: summons friendly ufetubus
 13112 | D:8      | Reached skill level 10 in Dodging
 13370 | D:8      | XOM: scenery: summon butterflies
 13593 | D:9      | Found a staircase to the Orcish Mines.
 13653 | D:9      | Noticed an eight-headed hydra
 13664 | D:9      | XOM: cleaving
 13724 | D:9      | XOM: cleaving
 13845 | D:9      | XOM: god gift: runed great mace {god gift}
 13847 | D:9      | XOM: enchant monster (good)
 13857 | D:9      | XOM: butterfly on damage
 13862 | D:9      | XOM: chaos cloud
 13893 | D:9      | Found Goar's Jewellery Emporium.
 13893 | D:9      | XOM: 2-stop teleportation journey
 14002 | D:9      | XOM: enchant monster (good)
 14152 | D:9      | XOM: divine lightning
 14156 | D:9      | XOM: confusion (+ monsters)
 14172 | D:9      | XOM: butterfly on damage
 14519 | D:9      | Killed an eight-headed hydra
 14520 | D:9      | Reached XP level 10. HP: 52/52 MP: 7/12
 14789 | D:9      | XOM: silly message
 14885 | D:10     | Entered Level 10 of the Dungeon
 15214 | D:10     | Noticed Psyche
 15228 | D:10     | Killed Psyche
 15379 | D:10     | Noticed Grum
 15385 | D:10     | XOM: enchant monster (bad)
 15487 | D:10     | XOM: divination: detect creatures
 15568 | D:9      | Killed Grum
 15668 | D:10     | XOM: silly message
 15735 | D:10     | Noticed a two-headed ogre
 15744 | D:10     | XOM: enchant monster (bad)
 15875 | D:10     | Found a glowing golden altar of the Shining One.
 16007 | D:10     | XOM: confuse monster(s)
 16112 | D:10     | Identified the +6 scimitar "Undertaker" {vorpal, Int+3}
 16114 | D:10     | Noticed a two-headed ogre
 16114 | D:10     | Noticed a cyclops
 16114 | D:10     | Noticed a two-headed ogre
 16126 | D:10     | XOM: silly message
 16156 | D:10     | XOM: divination: detect creatures
 16161 | D:10     | XOM: divination: magic mapping
 16164 | D:10     | XOM: cast spell 'Summon Ice Beast'
 16175 | D:9      | XOM: confuse monster(s)
 16200 | D:9      | XOM: divination: detect creatures
 16295 | D:10     | XOM: noise
 16331 | D:10     | XOM: summons 4 friendly demons
 16360 | D:10     | XOM: divination: detect items
 16391 | D:10     | Noticed a faun
 16391 | D:10     | a two-headed ogre changed into a faun
 16391 | D:10     | XOM: polymorph two-headed ogre -> faun
 16404 | D:10     | Killed a faun
 16717 | D:11     | Noticed a cyclops
 16722 | D:11     | Killed a cyclops
 16757 | D:11     | Noticed Erolcha
 16789 | D:11     | Noticed Fannar
 16812 | D:11     | XOM: noise
 16835 | D:11     | XOM: 1-stop teleportation journey
 16837 | D:11     | XOM: enchant monster (bad)
 16838 | D:11     | XOM: noise
 16855 | D:11     | Killed Erolcha
 16856 | D:11     | Reached XP level 11. HP: 36/58 MP: 8/13
 16957 | D:11     | Noticed a two-headed ogre
 16972 | D:11     | Noticed a purple ugly thing
 16983 | D:11     | XOM: stat loss: -1 Str (9/10)
 16995 | D:11     | XOM: 4-stop teleportation journey
 17181 | D:11     | XOM: stat loss: -1 Int (24/25)
 17185 | D:11     | Killed Fannar
 17314 | D:11     | XOM: chaos cloud
 17315 | D:11     | XOM: silly message
 17445 | D:11     | XOM: divination: detect creatures
 17447 | D:11     | XOM: potion effect (might)
 17452 | D:11     | XOM: noise
 17458 | D:11     | XOM: enchant monster (good)
 17459 | D:11     | XOM: divination: detect creatures
 17474 | D:11     | Killed a purple ugly thing
 17481 | D:11     | Gained mutation: You passively map a small area around you.
                  | [evolution]
 17548 | D:11     | XOM: give mutation
 17548 | D:11     | Gained mutation: Your mind is very acute. (Int +4) [Xom's
                  | grace]
 17652 | D:11     | XOM: silly message
 17676 | D:11     | XOM: god gift: 48 gold pieces
 17753 | D:9      | Bought the ring of the Mage {Wiz Will++ Int+3} for 723 gold
                  | pieces
 17753 | D:9      | Found the ring of the Mage {Wiz Will++ Int+3}
 17770 | D:9      | Learned a level 4 spell: Manifold Assault
 17846 | D:8      | XOM: cloud trail
 17884 | Lair:1   | Entered Level 1 of the Lair of Beasts
 18025 | Lair:1   | Noticed Gastronok
 18082 | Lair:1   | Reached skill level 1 in Spellcasting
 18082 | Lair:1   | Reached skill level 1 in Translocations
 18162 | Lair:1   | Found a runed translucent door.
 18162 | Lair:1   | Noticed gregwegmann's ghost (journeyman TrFi)
 18183 | Lair:1   | Reached skill level 2 in Translocations
 18247 | Lair:1   | Reached skill level 3 in Translocations
 18374 | Lair:1   | XOM: summons friendly red devil
 18381 | Lair:1   | XOM: destruction
 18387 | Lair:1   | Reached skill level 4 in Translocations
 18589 | Lair:1   | XOM: god gift: vibrating diamond amulet {god gift}
 18590 | Lair:1   | Got a vibrating diamond amulet {god gift}
 18700 | Lair:1   | XOM: give mutations
 18700 | Lair:1   | Gained mutation: Your spells are harder to cast, but more
                  | powerful. [Xom's grace]
 18700 | Lair:1   | Gained mutation: You are partially covered in molten
                  | scales. (AC +2) [Xom's grace]
 18700 | Lair:1   | Gained mutation: You possess an exceptional clarity of
                  | mind. [Xom's grace]
 18700 | Lair:1   | Gained mutation: Your spells are much harder to cast, but
                  | much more powerful. [Xom's grace]
 18905 | Lair:2   | Noticed a six-headed hydra
 18921 | Lair:2   | XOM: scenery: summon butterflies
 18938 | Lair:2   | XOM: 9-stop teleportation journey
 18978 | Lair:1   | Identified the amulet "Oplator" {Faith Str+4} (Xom gifted
                  | it to you on level 1 of the Lair of Beasts)
 19032 | Lair:1   | XOM is BORED!
 19032 | Lair:1   | Noticed a goliath frog
 19032 | Lair:1   | a six-headed hydra changed into a goliath frog
 19032 | Lair:1   | XOM: polymorph six-headed hydra -> goliath frog
 19071 | Lair:1   | a goliath frog changed into a manticore
 19071 | Lair:1   | XOM: polymorph goliath frog -> manticore
 19264 | Lair:2   | XOM: 1-stop teleportation journey
 19362 | Lair:2   | XOM: give mutations
 19362 | Lair:2   | Lost mutation: You are clumsy. (Dex -2) [Xom's grace]
 19362 | Lair:2   | Gained mutation: You have a pair of horns on your head.
                  | [Xom's grace]
 19362 | Lair:2   | Gained mutation: You are partially covered in thin metallic
                  | scales. (AC +2) [Xom's grace]
 19362 | Lair:2   | Gained mutation: You rapidly evolve. [Xom's grace]
 19400 | Lair:2   | XOM: 1-stop teleportation journey
 19509 | Lair:2   | Reached skill level 5 in Translocations
 19512 | Lair:2   | XOM: cleaving
 19516 | Lair:2   | XOM: summons 11 friendly demons
 19704 | Lair:2   | XOM: summons 6 hostile demons
 19852 | Lair:2   | XOM: give mutations
 19852 | Lair:2   | Lost mutation: Your flesh is heat resistant. (rF+) [Xom's
                  | mischief]
 19852 | Lair:2   | Lost mutation: Your muscles are strong. (Str +2) [Xom's
                  | mischief]
 19852 | Lair:2   | Lost mutation: Your mind is very acute. (Int +4) [Xom's
                  | mischief]
 19924 | Lair:2   | Reached skill level 6 in Translocations
 19939 | Lair:2   | XOM: butterfly on damage
 19946 | Lair:2   | XOM: enchant monster (bad)
 19960 | Lair:2   | XOM: silly message
 19964 | Lair:2   | XOM: noise
 20003 | Lair:2   | XOM: summons friendly ufetubus
 20006 | Lair:2   | XOM: potion effect (curing)
 20016 | Lair:2   | Reached skill level 7 in Translocations
 20043 | Lair:2   | XOM: noise
 20045 | Lair:2   | XOM: scenery: summon butterflies
 20059 | Lair:2   | XOM: swap monsters
 20355 | Lair:2   | XOM: butterfly on damage
 21020 | Lair:2   | XOM: give mutations
 21020 | Lair:2   | Lost mutation: You occasionally shout uncontrollably at
                  | your foes. [Xom's mischief]
 21020 | Lair:2   | Lost mutation: You expend magic power (3 MP) to strengthen
                  | your wands. [Xom's mischief]
 21020 | Lair:2   | Lost mutation: You have a pair of horns on your head.
                  | [Xom's mischief]
 21020 | Lair:2   | Lost mutation: Your mind is acute. (Int +2) [Xom's
                  | mischief]
 21070 | Lair:3   | XOM: 1-stop teleportation journey
 21071 | Lair:3   | Noticed a death yak
 21071 | Lair:3   | Noticed a death yak
 21071 | Lair:3   | Noticed a death yak
 21071 | Lair:3   | Found a hole to the Spider Nest.
 21175 | Lair:3   | XOM: silly message
 21180 | Lair:3   | Reached skill level 5 in Spellcasting
 21180 | Lair:3   | Reached skill level 8 in Translocations
 21200 | Lair:3   | XOM: silly message
 21205 | Lair:3   | Gained mutation: Your thick and shaggy fur keeps you warm.
                  | (AC +3, rC+) [Felid growth]
 21205 | Lair:3   | Reached XP level 12. HP: 48/62 MP: 3/22
 21220 | Lair:3   | XOM: 1-stop teleportation journey
 21249 | Lair:3   | XOM: cloud trail
 21552 | Lair:2   | XOM: noise
 21890 | Lair:3   | Noticed a seven-headed hydra
 21911 | Lair:3   | Killed a seven-headed hydra
 21912 | Lair:3   | Reached skill level 9 in Translocations
 21948 | Lair:3   | XOM: god gift: encrusted gold wand {god gift}
 22027 | Lair:3   | Found a staircase to the Swamp.
 22095 | Lair:3   | Noticed an eight-headed hydra
 22109 | Lair:3   | Killed an eight-headed hydra
 22149 | Lair:3   | XOM: cast spell 'Alistair's Intoxication'
 22175 | Lair:3   | XOM: enchant monster (good)
 22176 | Lair:3   | XOM: give mutation
 22176 | Lair:3   | Gained mutation: You expend magic power (3 MP) to
                  | strengthen your wands. [Xom's grace]
 22188 | Lair:2   | Reached skill level 10 in Translocations
 22293 | Lair:2   | XOM: smoke on damage
 22312 | Lair:3   | XOM: give mutation
 22312 | Lair:3   | Gained mutation: Your flesh is heat resistant. (rF+) [Xom's
                  | grace]
 22493 | Lair:3   | XOM: god gift: scroll labelled QAIFIN BIQO {god gift}
 22530 | Lair:3   | XOM: god gift: bone ring {god gift}
 22644 | Lair:3   | XOM: enchant monster (good)
 22663 | Lair:3   | XOM: cleaving
 22721 | Lair:3   | XOM: fog
 22749 | Lair:3   | XOM: cast spell 'Summon Ice Beast'
 22758 | Lair:3   | XOM: potion effect (invisibility)
 22777 | Lair:3   | Killed a death yak
 22778 | Lair:3   | Reached skill level 11 in Translocations
 22790 | Lair:3   | Killed a death yak
 22803 | Lair:3   | Killed a death yak
 23021 | Lair:4   | Noticed a catoblepas
 23023 | Lair:4   | XOM: scenery: create altars
 23025 | Lair:4   | XOM: potion effect (haste)
 23127 | Lair:4   | XOM: cast spell 'Dispersal'
 23282 | Lair:4   | Killed a catoblepas
 23328 | Lair:4   | XOM: 2-stop teleportation journey
 23329 | Lair:4   | Noticed an eight-headed hydra
 23344 | Lair:4   | XOM: divination: detect creatures
 23557 | Lair:3   | XOM: enchant monster (good)
 23563 | Lair:3   | Reached skill level 12 in Translocations
 23876 | Lair:4   | XOM: silly message
 23883 | Lair:4   | Noticed a six-headed hydra
 23887 | Lair:4   | XOM: silly message
 23889 | Lair:4   | XOM: confuse monster(s)
 23896 | Lair:4   | XOM: silly message
 23942 | Lair:3   | XOM: silly message
 24059 | Lair:4   | XOM: cast spell 'Shadow Creatures'
 24067 | Lair:4   | XOM: divination: detect items
 24080 | Lair:4   | XOM: enchant monster (bad)
 24136 | Lair:4   | XOM: 2-stop teleportation journey
 24142 | Lair:4   | XOM: cleaving
 24246 | Lair:4   | XOM: 7-stop teleportation journey
 24322 | Lair:4   | XOM: 8-stop teleportation journey
 24328 | Lair:4   | XOM: scenery: summon butterflies
 24362 | Lair:4   | Killed a six-headed hydra
 24394 | Lair:4   | XOM is BORED!
 24394 | Lair:4   | XOM: give mutations
 24394 | Lair:4   | Lost mutation: You possess an exceptional clarity of mind.
                  | [Xom's mischief]
 24394 | Lair:4   | Lost mutation: Your spells are much harder to cast, but
                  | much more powerful. [Xom's mischief]
 24394 | Lair:4   | Lost mutation: Your spells are harder to cast, but more
                  | powerful. [Xom's mischief]
 24564 | Lair:4   | Killed an eight-headed hydra
 24565 | Lair:4   | Reached XP level 13. HP: 35/66 MP: 9/29
 24571 | Lair:4   | XOM: god gift: scroll of random uselessness
 24681 | Lair:4   | XOM: god gift: glowing giant spiked club {god gift}
 24721 | Lair:4   | Reached skill level 13 in Translocations
 24855 | Lair:4   | XOM: 2-stop teleportation journey
 25141 | Lair:4   | XOM: confuse monster(s)
 25433 | Lair:4   | XOM: silly message
 25662 | Lair:5   | XOM: stealth player
 25673 | Lair:5   | Found a staircase to the Slime Pits.
 25983 | Lair:5   | XOM: give mutations
 25983 | Lair:5   | Gained mutation: You are partially covered in yellow
                  | scales. (AC +2) [Xom's grace]
 25983 | Lair:5   | Gained mutation: You have a pair of horns on your head.
                  | [Xom's grace]
 25983 | Lair:5   | Gained mutation: Your muscles are strong. (Str +2) [Xom's
                  | grace]
 26113 | Lair:5   | XOM: butterfly on damage
 26123 | Lair:5   | XOM: divination: detect items
 26148 | Lair:5   | XOM: fog
 26159 | Lair:5   | XOM: summons friendly white imp
 26165 | Lair:5   | XOM: enchant monster (good)
 26170 | Lair:5   | XOM: give mutations
 26170 | Lair:5   | Gained mutation: Your natural rate of healing is unusually
                  | fast. [Xom's grace]
 26170 | Lair:5   | Gained mutation: Your mind is acute. (Int +2) [Xom's grace]
 26209 | Lair:5   | XOM: god gift: glowing leather armour {god gift}
 26473 | Lair:6   | Entered Level 6 of the Lair of Beasts
 26476 | Lair:6   | XOM: enchant monster (good)
 26545 | Lair:5   | XOM: give mutations
 26545 | Lair:5   | Gained mutation: You possess an exceptional clarity of
                  | mind. [Xom's grace]
 26545 | Lair:5   | Lost mutation: You rapidly evolve. [Xom's grace]
 26545 | Lair:5   | Lost mutation: You evolve. [Xom's grace]
 26545 | Lair:5   | Gained mutation: You are somewhat resistant to further
                  | mutation. [Xom's grace]
 26610 | Lair:6   | Noticed Rupert
 26623 | Lair:5   | XOM: scenery: summon butterflies
 26632 | Lair:5   | XOM: potion effect (heal wounds)
 26648 | Lair:4   | XOM: polymorph black mamba -> rime drake
 26848 | Lair:5   | Reached skill level 14 in Translocations
 27082 | Lair:6   | Noticed June's ghost (journeyman DECj)
 27218 | Lair:6   | XOM: cast spell 'Cause Fear'
 27542 | Lair:6   | Found a runed translucent gate.
 27542 | Lair:6   | Found a runed translucent gate.
 27542 | Lair:6   | Found a runed translucent gate.
 27587 | Lair:6   | XOM: cast spell 'Cause Fear'
 27621 | Lair:6   | XOM: divination: detect creatures
 27622 | Lair:6   | XOM: enchant monster (good)
 27652 | Lair:6   | Killed Rupert
 27653 | Lair:6   | Reached skill level 10 in Spellcasting
 27735 | Lair:5   | XOM: potion effect (curing)
 27740 | Lair:5   | Reached skill level 15 in Translocations
 27941 | Lair:6   | Noticed a dire elephant
 27952 | Lair:6   | XOM: summons 3 friendly demons
 27986 | Lair:5   | XOM: butterfly on damage
 28009 | Lair:5   | XOM: enchant monster (bad)
 28010 | Lair:5   | XOM: swap monsters
 28243 | Lair:6   | XOM: torment (34/66 hp)
 28653 | Lair:6   | Found a burning altar of Makhleb.
 28755 | Lair:5   | XOM: confuse monster(s)
 28765 | Lair:5   | XOM: smoke on damage
 28772 | Lair:5   | XOM: confuse monster(s)
 28778 | Lair:5   | Killed a dire elephant
 28930 | Orc:1    | Entered Level 1 of the Orcish Mines
 28930 | Orc:1    | Found Bungoler's Armour Shoppe.
 29057 | Orc:2    | Entered Level 2 of the Orcish Mines
 29067 | Orc:1    | XOM is BORED!
 29067 | Orc:1    | XOM: 2-stop teleportation journey
 29173 | Orc:1    | Found a roughly hewn altar of Beogh.
 29173 | Orc:1    | XOM: 3-stop teleportation journey
 29180 | Orc:1    | XOM: cast spell 'Discord'
 29181 | Orc:1    | XOM: polymorph orc -> leopard gecko
 29195 | Orc:1    | You fall into a shaft and drop 1 floor!
 29342 | Orc:1    | XOM: summons 2 hostile demons
 29620 | Orc:2    | Found Ynguoh's General Store.
 29620 | Orc:2    | Noticed an ettin
 29625 | Orc:2    | Killed an ettin
 29635 | Orc:2    | XOM: confuse monster(s)
 29670 | Orc:2    | Found a roughly hewn altar of Beogh.
 29774 | Orc:2    | Found Doadgh's Magic Scroll Shoppe.
 29910 | Orc:2    | XOM: silly message
 30159 | Orc:1    | Noticed an ettin
 30162 | Orc:1    | XOM: 2-stop teleportation journey
 30191 | Orc:1    | XOM: repel stairs
 30192 | Orc:1    | XOM: summons 10 friendly demons
 30194 | Orc:1    | XOM: cleaving
 30197 | Orc:1    | XOM: fog
 30211 | Orc:1    | XOM: divination: magic mapping
 30218 | Orc:1    | XOM: summons 5 friendly demons
 30243 | Orc:1    | Killed an ettin
 30244 | Orc:1    | Reached skill level 16 in Translocations
 30244 | Orc:1    | Reached XP level 14. HP: 67/70 MP: 2/32
 30445 | Orc:1    | XOM: scenery: summon butterflies
 30704 | Orc:1    | Noticed an orc warlord
 30729 | Orc:2    | XOM: 1-stop teleportation journey
 31049 | Orc:2    | XOM: scenery: 2 doors open
 31224 | Orc:2    | XOM: cloud trail
 31344 | Orc:2    | Found a staircase to the Elven Halls.
 31466 | Orc:2    | XOM: potion effect (haste)
 31483 | Orc:2    | XOM: divination: magic mapping
 31501 | Orc:2    | XOM: silly message
 31690 | Orc:2    | Noticed a ghost moth
 31690 | Orc:2    | an ettin changed into a ghost moth
 31690 | Orc:2    | XOM: polymorph ettin -> ghost moth
 31706 | Orc:2    | Killed a ghost moth
 32038 | Orc:2    | Noticed an orc warlord
 32112 | Orc:2    | XOM is BORED!
 32112 | Orc:2    | XOM: noise
 32185 | Orc:2    | XOM: give mutation
 32185 | Orc:2    | Gained mutation: You are agile. (Dex +2) [Xom's grace]
 32192 | Orc:2    | XOM: noise
 32220 | Orc:2    | XOM: confuse monster(s)
 32239 | Orc:2    | Killed an orc warlord
 32463 | Orc:2    | XOM: polymorph orc warrior -> shapeshifter
 32611 | Orc:2    | XOM: scenery: 1 doors close
 32620 | Orc:2    | Found a roughly hewn altar of Beogh.
 32658 | Orc:2    | XOM: scenery: summon butterflies
 32668 | Orc:2    | Found Tabbown's Antique Weapon Shop.
 32729 | Orc:2    | XOM: cloud trail
 32753 | Orc:2    | XOM: silly message
 32828 | Orc:2    | XOM: give mutations
 32828 | Orc:2    | Lost mutation: Your mind is acute. (Int +2) [Xom's
                  | mischief]
 32828 | Orc:2    | Lost mutation: You are robust. (+10% HP) [Xom's mischief]
 32828 | Orc:2    | Lost mutation: You are partially covered in molten scales.
                  | (AC +2) [Xom's mischief]
 32832 | Orc:2    | Found Wipres's Magic Scroll Emporium.
 32976 | Orc:2    | XOM: cast spell 'Summon Dragon'
 33045 | Orc:2    | Reached skill level 10 in Fighting
 33123 | Orc:2    | XOM: silly message
 33260 | Orc:2    | XOM: scenery: summon butterflies
 33387 | Orc:2    | XOM: enchant monster (bad)
 33566 | Orc:2    | XOM is BORED!
 33588 | Orc:1    | XOM: fake destruction
 33593 | Orc:1    | XOM: polymorph orc warrior -> boggart
 33594 | Orc:1    | XOM: cast spell 'Summon Hydra'
 33837 | Orc:1    | XOM: scenery: create altars
 34008 | D:12     | XOM: give mutations
 34008 | D:12     | Lost mutation: Your natural rate of healing is unusually
                  | fast. [Xom's mischief]
 34008 | D:12     | Lost mutation: You are partially covered in thin metallic
                  | scales. (AC +2) [Xom's mischief]
 34180 | D:12     | XOM: divination: detect creatures
 34191 | D:12     | XOM: confuse monster(s)
 34226 | D:11     | XOM: swap monsters
 34863 | D:12     | XOM: summons 7 hostile demons
 34915 | D:13     | Noticed Urug
 34917 | D:12     | XOM: scenery: 1 doors open, 2 doors close
 35169 | D:13     | XOM: divination: detect creatures
 35422 | D:13     | XOM: silly message
 35452 | D:13     | XOM: confuse monster(s)
 35461 | D:13     | XOM: cast spell 'Statue Form'
 35660 | D:13     | Found a flickering gateway to a bazaar.
 35668 | D:13     | XOM: scenery: 1 doors close
 35669 | Bazaar   | Entered a bazaar
 35669 | Bazaar   | Found Xiwix's Assorted Antiques.
 35688 | Bazaar   | Found Gyopp's Antique Armour Boutique.
 35718 | Bazaar   | Found Zoinuum's Magic Scroll Emporium.
 35722 | Bazaar   | Found Zoxzemuq's Armour Emporium.
 35750 | Bazaar   | Bought a hardcover book for 360 gold pieces
 35750 | Bazaar   | Bought a scroll of fear for 84 gold pieces
 35750 | Bazaar   | Bought a scroll of teleportation for 72 gold pieces
 35765 | Bazaar   | Bought a scroll of amnesia for 35 gold pieces
 35765 | Bazaar   | Bought a scroll of amnesia for 35 gold pieces
 35765 | Bazaar   | Bought a scroll of magic mapping for 35 gold pieces
 35840 | D:13     | XOM: cloud trail
 35890 | D:13     | Killed Urug
 36042 | D:13     | XOM: god gift: 5 gold pieces
 36136 | D:14     | XOM: summons 3 friendly demons
 36609 | D:14     | Found a gate to the Vaults.
 36773 | D:14     | XOM: scenery: 2 doors close
 36775 | D:14     | XOM: god gift: scroll of amnesia
 36776 | D:14     | XOM: give mutations
 36776 | D:14     | Gained mutation: You have a pair of large horns on your
                  | head. [Xom's mischief]
 36776 | D:14     | Lost mutation: You are agile. (Dex +2) [Xom's mischief]
 36776 | D:14     | Lost mutation: You expend magic power (3 MP) to strengthen
                  | your wands. [Xom's mischief]
 36776 | D:14     | Lost mutation: You are somewhat resistant to further
                  | mutation. [Xom's mischief]
 36781 | D:14     | Reached skill level 15 in Unarmed Combat
 36803 | D:14     | Noticed a brown very ugly thing
 36805 | D:14     | XOM: blink monster(s)
 36811 | D:14     | XOM: stat loss: -1 Int (20/21)
 36811 | D:14     | HP: 2/66 [acid (9)]
 36907 | D:14     | Found Archuy's Serpentskin Sales.
 36993 | D:11     | XOM: torment (34/66 hp)
 37179 | Lair:1   | XOM: summons 2 hostile shadow creatures
 37239 | Lair:1   | XOM: chaos cloud
 37244 | Lair:1   | XOM: summons 4 hostile shadow creatures
 37260 | Lair:1   | HP: 4/99 [cloud of freezing vapour (7)]
 37740 | D:14     | XOM: swap monsters
 37746 | D:14     | XOM: chaos upgrade
 37765 | D:14     | XOM: 1-stop teleportation journey
 37773 | D:14     | XOM: give mutations
 37773 | D:14     | Lost mutation: Your flesh is heat resistant. (rF+) [Xom's
                  | mischief]
 37773 | D:14     | Lost mutation: You have a pair of large horns on your head.
                  | [Xom's mischief]
 37790 | D:14     | XOM: blink monster(s)
 37793 | D:14     | XOM: chaos cloud
 37807 | D:14     | XOM: fog
 37815 | D:14     | XOM: summons 8 hostile demons
 37820 | D:14     | HP: 1/66 [chaos spawn[Xom] (14)]
 37820 | D:14     | Mangled by a chaos spawn
 37821 | D:14     | Reached XP level 13. HP: -6/63 MP: 31/31
 37875 | D:14     | Killed a brown very ugly thing
 37876 | D:14     | Reached XP level 14. HP: 66/66 MP: 33/33
 37952 | D:14     | Noticed a sphinx
 37953 | D:14     | XOM: scenery: 1 doors close
 37966 | D:14     | XOM: fog
 37970 | D:14     | XOM: enchant monster (good)
 37971 | D:14     | XOM: divination: detect creatures
 37989 | D:14     | XOM: scenery: 2 doors open
 38184 | D:14     | XOM: fog
 38209 | D:14     | XOM: summons friendly ufetubus
 38212 | D:14     | XOM: summons 4 friendly demons
 38247 | D:14     | XOM: polymorph unseen horror -> black mamba
 38270 | D:14     | XOM: confuse monster(s)
 38270 | D:14     | XOM: smoke on damage
 38275 | D:14     | XOM: divination: detect creatures
 38283 | D:15     | Entered Level 15 of the Dungeon
 38384 | D:15     | XOM: god gift: book of Spatial Translocations
 38392 | D:15     | Learned a level 2 spell: Blink
 38396 | D:15     | Learned a level 3 spell: Teleport Other
 38399 | D:15     | Learned a level 2 spell: Swiftness
 38444 | D:14     | XOM: summons friendly white imp
 38474 | D:14     | XOM: noise
 38633 | D:14     | XOM: noise
 38634 | D:14     | XOM: blink monster(s)
 38641 | D:14     | XOM: enchant monster (good)
 39104 | D:15     | XOM: scenery: 1 doors open
 39263 | D:15     | Found a staircase to the Depths.
 39265 | D:15     | XOM: stat loss: -1 Str (9/10)
 39267 | D:15     | XOM: blink monster(s)
 39455 | D:15     | Noticed Nessos
 39458 | D:15     | Noticed Nessos
 39458 | D:15     | Nessos changed into Nessos the cyclops
 39467 | D:15     | Killed Nessos the cyclops
 39646 | D:15     | XOM: silly message
 39732 | D:15     | Identified the +5 trident "Runullet" {drain, rF+ Int+2
                  | SInv}
 39733 | D:15     | XOM: swap monsters
 39741 | D:15     | Reached skill level 15 in Dodging
 39865 | D:15     | Found Anahaat's Antique Weapon Emporium.
 40046 | D:15     | XOM: scenery: 1 doors open, 2 doors close
 40052 | D:15     | Found a shadowy altar of Dithmenos.
 40237 | D:15     | Learned a level 3 spell: Gell's Gravitas
 40514 | Lair:3   | XOM: scenery: summon butterflies
 40524 | Lair:3   | XOM: polymorph butterfly -> steam dragon
 40529 | Lair:3   | XOM: butterfly on damage
 40580 | Lair:3   | XOM: give mutations
 40580 | Lair:3   | Gained mutation: You are partially covered in icy blue
                  | scales. (AC +2) [Xom's grace]
 40580 | Lair:3   | Gained mutation: You are strong-willed. (Will+) [Xom's
                  | grace]
 40677 | Spider:1 | Entered Level 1 of the Spider Nest
 40681 | Spider:1 | Noticed Agnes
 40686 | Spider:1 | XOM: 1-stop teleportation journey
 40820 | Spider:1 | Noticed Donald
 40829 | Spider:1 | XOM: butterfly on damage
 40832 | Spider:1 | Killed Donald
 40844 | Spider:1 | XOM: polymorph butterfly -> killer bee
 40894 | Spider:1 | XOM: confuse monster(s)
 40899 | Spider:1 | XOM: enchant monster (good)
 40910 | Spider:1 | HP: 3/69 [Agnes/+0 lajatang of electrocution (30)]
 40912 | Spider:1 | Demolished by Agnes
 40913 | Spider:1 | Reached XP level 13. HP: -19/65 MP: 27/31
 41001 | Spider:2 | Noticed Kirke
 41002 | Spider:2 | XOM: cleaving
 41038 | Spider:1 | Noticed Roxanne
 41054 | Spider:1 | Noticed an emperor scorpion
 41114 | Spider:1 | XOM: summons 6 friendly demons
 41119 | Lair:3   | XOM: summons 13 friendly demons
 41212 | Lair:3   | XOM: enchant monster (bad)
 41219 | Lair:3   | HP: 3/66 [poisoned by an emperor scorpion]
 41220 | Lair:3   | XOM: swap monsters
 41224 | Lair:3   | HP: 2/66 [poisoned by an emperor scorpion]
 41230 | Lair:3   | HP: 3/66 [poisoned by an emperor scorpion]
 41315 | Lair:3   | XOM: repel stairs
 41319 | Lair:3   | XOM: torment (24/66 hp)
 41323 | Lair:3   | XOM: draining
 41387 | Spider:1 | Noticed a ghost moth
 41393 | Spider:1 | XOM: blink monster(s)
 41394 | Spider:1 | XOM: divine lightning
 41397 | Spider:1 | XOM: potion effect (haste)
 41403 | Spider:1 | XOM: summons friendly shadow imp
 41404 | Spider:1 | Reached XP level 14. HP: 17/65 MP: 8/33
 41411 | Spider:1 | Killed a ghost moth
 41481 | Lair:3   | XOM: scenery: create altars
 41762 | Spider:1 | XOM: cast spell 'Death Channel'
 41770 | Spider:1 | XOM: cast spell 'Summon Mana Viper'
 41771 | Spider:1 | XOM: potion effect (might)
 41778 | Spider:1 | XOM: potion effect (might)
 41800 | Lair:3   | Killed Agnes
 41944 | Spider:1 | XOM: divination: detect creatures
 41948 | Spider:1 | XOM: scenery: create altars
 41955 | Spider:1 | XOM: god gift: shimmering copper ring {god gift}
 41961 | Spider:1 | XOM: summons friendly quasit
 41963 | Spider:1 | XOM: summons 8 hostile demons
 41977 | Spider:1 | Killed Roxanne
 41980 | Spider:1 | Got a shimmering copper ring {god gift}
 42051 | Spider:1 | Identified the ring "Uryer" {+Blink Int+3 Slay+4} (Xom
                  | gifted it to you on level 1 of the Spider Nest)
 42061 | Spider:2 | Noticed Frances
 42066 | Spider:2 | XOM: noise
 42068 | Spider:2 | Noticed an emperor scorpion
 42072 | Spider:1 | XOM: noise
 42073 | Spider:1 | XOM: smoke on damage
 42161 | Spider:1 | Mangled by an emperor scorpion

Illustrated notes

Levels and vault maps discovered:
D:1:      lightli_arrival_quake, layout_loops_ring
D:2:      layout_loops_ring
D:3:      layout_basic, pdpol_wu_jian_five_deadly_venoms, uniq_natasha,
          uniq_terence
D:4:      layout_basic, uniq_blork_the_orc
D:5:      layout_cave_pools, serial_column_ruins, column_ruins_open_tiny,
          column_ruins_open_small, column_ruins_columns_corner,
          column_ruins_columns_corner, column_ruins_corridor_corner,
          basic_altar, kennysheep_big_empty_room
D:6:      layout_basic, minmay_temple_entry_statues, uniq_crazy_yiuf_cottage
D:7:      layout_cave_pods, minmay_stone_trees_medium
D:8:      layout_basic, minmay_lair_entry_grove
D:9:      layout_small_grid, orc_0_dummy, serial_shops, shop
D:10:     layout_basic, basic_altar, minmay_pinched_square, uniq_grum,
          uniq_psyche
D:11:     layout_rooms, uniq_erolcha, uniq_fannar
D:12:     layout_basic
D:13:     layout_basic, serial_shops, bzr_entry_safe, serial_aquarium,
          aquarium_bridge_straight [aquarium_subvault_bridge,
          aquarium_subvault_window, aquarium_subvault_bridge,
          aquarium_subvault_wall], aquarium_window_2, aquarium_window_1,
          aquarium_window_fake, aquarium_window_fake, aquarium_view_2c,
          aquarium_balcony_5b, grunt_ministairs_4, uniq_urug
D:14:     evilmike_horseshoe, layout_basic, lightli_vaults_fourway_checkpoint,
          minmay_holes, guppyfry_shop_venom
D:15:     grunt_enter_depths_magical_seal, layout_basic,
          minmay_stone_trees_small, serial_shops,
          nicolae_shop_temple_entry_statues_fountains,
          nicolae_dithmenos_through_a_glass_darkly, uniq_nessos
Temple:   minmay_crystal_snake_temple
Lair:1:   layout_regular_city, ebering_ghost_inner_flame, uniq_gastronok
Lair:2:   layout_regular_city, beast_lair_carwin_5, grunt_megastairs_3
Lair:3:   layout_misc_corridors, palyth_hydra_swamp_entry,
          nicolae_spider_entry_non_spiders
Lair:4:   layout_cave_pods, lemuel_fruit_tree
Lair:5:   layout_hall_layers, nicolae_slime_entry_slimehenge, special_room
          [special_room_mythical_zoo]
Lair:6:   evil_forest, layout_regular_city, gammafunk_ghost_icy, uniq_rupert
Spider:1: layout_spider_delve, special_room [special_room_bee], uniq_agnes,
          uniq_donald, uniq_roxanne
Spider:2: layout_spider_delve, hangedman_stitches_earthworm, uniq_frances,
          uniq_kirke
Orc:1:    layout_caves, serial_shops, shop, basic_altar, sword_in_stone
Orc:2:    pubby_orc_utopia

Skill      XL: |  1  2  3  4  5  6  7  8  9 10 11 12 13 14 |
---------------+-------------------------------------------+-----
Unarmed Combat | 4 5 6 7 8 9 12 13 15 | 15.0
Dodging        | 4 5 6 7 10 11 15 | 15.0
Fighting       | 4 6 8 9 13 14 | 14.0
Spellcasting   | 5 8 11 | 11.1
Translocations | 8 12 16 | 16.2

Action                   |  1- 3 |  4- 6 |  7- 9 | 10-12 | 13-15 || total
-------------------------+-------+-------+-------+-------+-------++-------
Melee: Unarmed           |   139 |   134 |   487 |   993 |  2079 ||  3832
       Bite              |     7 |     5 |    48 |    77 |   215 ||   352
       Punch             |     1 |     1 |    17 |    41 |   132 ||   192
       Headbutt          |       |    18 |    59 |   141 |   334 ||   552
 Cast: Manifold Assault  |       |       |       |   162 |   321 ||   483
       Teleport Other    |       |       |       |       |     2 ||     2
       Gell's Gravitas   |       |       |       |       |    11 ||    11
Evoke: Wand              |       |     9 |     4 |     2 |     3 ||    18
       Condenser vane    |       |       |       |       |     2 ||     2
  Use: Potion            |       |     3 |     1 |     2 |    16 ||    22
       Scroll            |       |       |    12 |    12 |    16 ||    40
 Stab: Sleeping          |     8 |     5 |     6 |     7 |    26 ||    52
       Paralysed         |       |     2 |       |       |     1 ||     3
       Distracted        |       |     1 |     2 |     3 |     3 ||     9
       Petrified         |       |       |     1 |       |       ||     1
       Invisible         |       |       |       |    10 |    11 ||    21
       Confused          |       |       |       |       |     8 ||     8
Armor: Skin              |     9 |     1 |    25 |    31 |    84 ||   150
Dodge: Dodged            |   112 |    71 |   418 |   548 |  1674 ||  2823

Table legend: (Time is in decaauts)
 A = Elapsed time spent in this place.
 B = Non-inter-level travel time spent in this place.
 C = Inter-level travel time spent in this place.
 D = Time resting spent in this place.
 E = Time spent auto-exploring this place.
 F = Levels seen in this place.
 G = Mean time per level.
                   A        B        C        D        E       F      G
               +--------+--------+--------+--------+--------+-----+--------+
         Total |  37198 |  35053 |   2145 |   7254 |  18509 |  27 | 1377.7 |
       Dungeon |  21409 |  20082 |   1327 |   4106 |  10539 |  15 | 1427.3 |
        Temple |    199 |    170 |     29 |      0 |    166 |   1 |  199.0 |
          Lair |  10444 |   9773 |    671 |   2190 |   5288 |   6 | 1740.7 |
   Spider Nest |    833 |    810 |     23 |    209 |    203 |   2 |  416.5 |
  Orcish Mines |   4216 |   4122 |     94 |    748 |   2261 |   2 | 2108.0 |
        Bazaar |     96 |     96 |      0 |      0 |     48 |   1 |   96.0 |
               +--------+--------+--------+--------+--------+-----+--------+

Top non-repeatable levels by time:
   Orc:2: 3468 daAuts
  Lair:4: 2527 daAuts
  Lair:3: 2218 daAuts
     D:6: 2147 daAuts
     D:4: 2075 daAuts
     D:3: 1990 daAuts
     D:8: 1929 daAuts
  Lair:1: 1832 daAuts
     D:7: 1809 daAuts
    D:14: 1672 daAuts
     D:9: 1613 daAuts
  Lair:2: 1543 daAuts
    D:10: 1511 daAuts
  Lair:5: 1264 daAuts
    D:15: 1118 daAuts
